 Dungeon Crawl Stone Soup version 0.22.2-1-ge965b3aba3 (webtiles) character file.

640 Freitmort the Magician (level 7, 0/36 HPs)
             Began as a Deep Elf Fire Elementalist on Sept 30, 2019.
             Slain by Purgy (8 damage)
             ... in a sewer.
             The game lasted 00:37:57 (6859 turns).

Freitmort the Magician (Deep Elf Fire Elementalist) Turns: 6859, Time: 00:37:57

Health: 0/36       AC:  3    Str:  7    XL:     7   Next: 26%
Magic:  8/17       EV: 13    Int: 20    God:
Gold:   191        SH:  3    Dex: 15    Spells: 7/17 levels left

rFire    . . .     SeeInvis .   j - +3 short sword
rCold    . . .     Gourm    .   (no shield)
rNeg     . . .     Faith    .   a - +1 robe
rPois    .         Spirit   .   (no helmet)
rElec    .         Reflect  +   (no cloak)
rCorr    .         Harm     .   (no gloves)
MR       +....                  (no boots)
Stlth    +.........             g - +3 amulet of reflection
HPRegen  0.12/turn              h - ring of protection from magic
MPRegen  0.15/turn              (no ring)

@: very slightly contaminated, very slow
A: no striking features
a: no special abilities


You were in a sewer.
You were hungry.

You visited 1 branch of the dungeon, and saw 5 of its levels.
You also visited: Sewer.

You collected 191 gold pieces.

Inventory:

Hand Weapons
 j - a +3 short sword (weapon)
Missiles
 b - 18 poisoned needles
Armour
 a - a +1 robe (worn)
Jewellery
 g - a +3 amulet of reflection (around neck)
 h - a ring of protection from magic (left hand)
Wands
 d - a wand of random effects (35)
Scrolls
 e - 6 scrolls of remove curse
 f - 2 scrolls of identify
Potions
 k - 2 potions of might
 l - a potion of brilliance
Comestibles
 c - 11 rations


   Skills:
 + Level 0.1 Fighting
 + Level 0.4 Short Blades
 + Level 3.0 Dodging
 + Level 3.1 Stealth
 + Level 5.8 Spellcasting
 * Level 4.9 Conjurations
 + Level 5.2 Fire Magic
 + Level 2.6 Evocations


You had 7 spell levels left.
You knew the following spells:

 Your Spells              Type           Power        Failure   Level  Hunger
a - Flame Tongue          Conj/Fire      ####.        1%          1    None
b - Throw Flame           Conj/Fire      ####..       1%          2    None
c - Conjure Flame         Conj/Fire      ####....     4%          3    ##.....
d - Sticky Flame          Conj/Fire      ####....     13%         4    ####...

Your spell library contained the following spells:

 Spells                   Type           Power        Failure   Level  Hunger
 Inner Flame              Hex/Fire       ###.....     11%         3    ##.....
 Fireball                 Conj/Fire      ####......   36%         5    #####..


Dungeon Overview and Level Annotations

Branches:
Dungeon (5/15)
 Temple: D:4-7

Altars:
Cheibriados
Fedhas
Hepliaklqana
Okawaru
Sif Muna
Zin

Shops:
D:2 *

Annotations:
D:3 2 runed doors, Acheron's ghost, weakling MfSk Sewer Purgy


Message History

Aim: Purgy (moderately wounded)
You miscast Sticky Flame.
Your skin tingles.
You are feeling hungry.
Purgy bites you! Purgy barely misses you. Purgy completely misses you.
You enter the shallow water.
Moving in this stuff is going to be slow.
Purgy completely misses you. Purgy claws you. x2
* * * LOW HITPOINT WARNING * * *
You enter the shallow water.
Moving in this stuff is going to be slow.
Purgy misses you. x2; Purgy claws you.
* * * LOW HITPOINT WARNING * * *
Purgy closely misses you. Purgy claws you but does no damage.
Purgy closely misses you.
Purgy snarls, "My home!
Leave!"
Purgy barely misses you. x3
You enter the shallow water.
Moving in this stuff is going to be slow.
Purgy bites you!
You die...

##≈≈≈# #≈≈##≈≈##
≈≈≈≈≈≈≈##≈≈≈≈≈≈≈##≈
≈≈≈≈≈≈≈≈≈≈≈≈≈≈≈≈≈≈≈≈##
≈≈≈≈≈≈≈≈≈≈≈≈≈≈≈≈≈≈≈≈≈##
≈≈≈≈≈≈≈≈≈≈≈≈≈≈≈≈≈≈≈≈≈≈≈≈#≈#
≈≈≈≈≈≈≈≈≈≈≈≈≈≈≈≈≈≈≈≈≈≈≈≈≈≈≈##
#≈≈≈≈≈≈≈≈≈≈≈≈≈≈≈≈≈≈≈≈≈≈≈≈≈≈≈≈##
#≈≈≈≈≈≈≈≈≈≈≈≈≈≈.@T≈≈≈≈≈≈≈≈≈≈≈≈≈##
#≈≈≈≈≈≈≈≈≈≈≈≈≈###.≈≈≈≈≈≈≈≈≈≈≈≈≈≈≈
#≈≈≈≈≈≈≈≈≈≈≈≈## ##..≈≈≈≈≈≈≈≈≈≈≈≈≈
≈≈≈≈≈≈≈≈≈≈≈≈≈# ###..≈≈≈≈≈≈≈≈≈≈≈
≈≈≈≈≈≈≈≈≈≈≈.## ###..≈≈≈≈≈≈≈≈≈
≈≈≈≈≈≈≈≈.≈#.# ####≈≈≈≈≈≈≈≈
≈≈≈≈≈≈≈≈.≈### #≈≈≈≈≈≈≈≈
#≈≈≈≈≈≈≈### ##≈≈≈≈≈≈≈ ≈≈≈≈≈≈..##
##≈≈≈≈≈≈


You could see Purgy.

Vanquished Creatures
  A vampire (D:5)
  An ogre (D:4)
  A scorpion (D:4)
  An orc wizard (D:4)
  2 orc priests (D:4)
  A centaur skeleton (D:4)
  An iguana (D:4)
  Ijyb (D:3)
  7 adders
  3 worms
  6 leopard geckos
  7 orcs
  4 giant cockroaches
  6 goblins
  12 hobgoblins
  12 jackals
  3 quokkas
  4 ball pythons
  9 bats
  6 frilled lizards
  9 kobolds
  A leopard gecko skeleton (D:4)
  14 rats
112 creatures vanquished.

Notes
Turn   | Place    | Note
-------+----------+-------------------------------------------
     0 | D:1      | Freitmort the Deep Elf Fire Elementalist began the quest
                  | for the Orb.
     0 | D:1      | Reached XP level 1. HP: 10/10 MP: 6/6
   236 | D:1      | Reached XP level 2. HP: 15/15 MP: 6/8
   258 | D:1      | Learned a level 2 spell: Throw Flame
   896 | D:1      | Reached XP level 3. HP: 19/19 MP: 7/9
  1406 | D:2      | Learned a level 3 spell: Conjure Flame
  1939 | D:2      | Found a glowing silver altar of Zin.
  2133 | D:2      | Reached XP level 4. HP: 24/24 MP: 9/11
  2155 | D:2      | Learned a level 4 spell: Sticky Flame
  2379 | D:2      | Found Zin's Purification Station.
  2672 | D:3      | Found an iron altar of Okawaru.
  2710 | D:3      | Noticed Ijyb
  3168 | D:3      | Killed Ijyb
  3484 | D:3      | Found a snail-covered altar of Cheibriados.
  3493 | D:3      | Found a hazy altar of Hepliaklqana.
  3660 | D:3      | Found a large runed door.
  3660 | D:3      | Found a large runed door.
  3665 | D:3      | Noticed Acheron's ghost (weakling MfSk)
  3721 | D:3      | Reached XP level 5. HP: 28/28 MP: 10/13
  4214 | D:4      | Noticed an ogre
  4732 | D:4      | HP: 1/28 [orc priest/divine providence (15)]
  4753 | D:4      | Reached skill level 1 in Evocations
  5119 | D:4      | Reached XP level 6. HP: 32/32 MP: 8/15
  5127 | D:4      | Found a deep blue altar of Sif Muna.
  5445 | D:4      | Found a blossoming altar of Fedhas.
  5926 | D:4      | Reached skill level 5 in Spellcasting
  6108 | D:5      | Entered Level 5 of the Dungeon
  6426 | D:5      | Noticed a vampire
  6472 | D:5      | Found a glowing drain.
  6497 | D:5      | Killed a vampire
  6497 | D:5      | Reached skill level 5 in Fire Magic
  6497 | D:5      | Reached XP level 7. HP: 17/36 MP: 2/17
  6679 | Sewer    | Entered a sewer
  6835 | Sewer    | Noticed Purgy
  6859 | Sewer    | Slain by Purgy

Skill      XL: |  1  2  3  4  5  6 |
---------------+-------------------+-----
Fire Magic     | 4 5 |  5.2
Conjurations   | 2 3 4 |  4.9
Spellcasting   | 4 5 |  5.8
Evocations     | 2 |  2.6
Dodging        | 3 |  3.0
Stealth        | 3 |  3.1
Fighting       | |  0.1
Short Blades   | |  0.4

Action                   |  1- 3 |  4- 6 |  7- 9 || total
-------------------------+-------+-------+-------++-------
Melee: Short sword       |    10 |    12 |       ||    22
 Cast: Flame Tongue      |    83 |    67 |    10 ||   160
       Throw Flame       |    14 |    55 |     2 ||    71
       Sticky Flame      |       |    10 |     3 ||    13
       Conjure Flame     |       |     1 |       ||     1
  Use: Scroll            |     7 |     9 |       ||    16
       Potion            |       |     2 |       ||     2
  Eat: Chunk             |     4 |    11 |     2 ||    17
       Ration            |       |     1 |       ||     1
Armor: Robe              |    13 |     5 |     3 ||    21
Dodge: Dodged            |    31 |    30 |    18 ||    79
Block: Other             |       |     1 |     4 ||     5
